 Dungeon Crawl Stone Soup version 0.29.1-15-g9cfb28693d (webtiles) character file.

Game seed: 8575239352844849093

8155 firemarshallily the Fighter (level 11, -1/105 HPs)
             Began as a Hill Orc Fighter on Apr 17, 2023.
             Was a Follower of Beogh.
             Slain by a boulder beetle (12 damage)
             ... on level 10 of the Dungeon.
             The game lasted 00:27:10 (7950 turns).

firemarshallily the Fighter (Hill Orc Fighter)      Turns: 7950, Time: 00:27:11

Health: -1/105     AC: 10    Str: 24    XL:     11   Next: 26%
Magic:  11/11      EV: 10    Int:  8    God:    Beogh [*.....]
Gold:   948        SH:  6    Dex: 14    Spells: 10/10 levels left

rFire   + + .      SeeInvis .   a - +0 trident
rCold   . . .      Faith    .   c - +0 buckler
rNeg    . . .      Spirit   .   O - +1 ring mail of the Slorg {rF++ Dex+4 Stlth-}
rPois   .          Reflect  .   (no helmet)
rElec   .          Harm     .   (no cloak)
rCorr   .          Rampage  .   p - +0 pair of gloves
Will    +....                   u - +0 pair of boots
Stlth   ..........              h - amulet of regeneration
HPRegen 1.07/turn               r - ring of willpower
MPRegen 0.12/turn               (no ring)

@: no status effects
A: no striking features
a: Renounce Religion


You were on level 10 of the Dungeon.
You worshipped Beogh.
Beogh was aware of your devotion.
You visited 2 branches of the dungeon, and saw 12 of its levels.
You also visited: Ossuary.

You collected 1128 gold pieces.
You spent 180 gold pieces at shops.

Inventory:

Hand Weapons
 a - a +0 trident (weapon)
Missiles
 g - 16 poisoned darts (quivered)
 o - 6 javelins
 N - a throwing net
Armour
 c - a +0 buckler (worn)
 p - a +0 pair of gloves (worn)
 u - a +0 pair of boots (worn)
 O - the +1 ring mail of the Slorg (worn) {rF++ Dex+4 Stlth-}
   (You found it on level 7 of the Dungeon)

   Dex:       It affects your dexterity (+4).
   rF:        It greatly protects you from fire.
   Stlth:     It makes you less stealthy.
Jewellery
 h - an amulet of regeneration (around neck)
 j - an amulet of faith
 r - a ring of willpower (left hand)
Wands
 s - a wand of paralysis (24)
 v - a wand of polymorph (12)
 J - a wand of light (13)
 L - a wand of iceblast (10)
 M - a wand of flame (45)
Scrolls
 k - 6 scrolls of amnesia
 l - 2 scrolls of fog
 m - a scroll of magic mapping
 n - 2 scrolls of teleportation
 y - a scroll of poison
 A - 5 scrolls of vulnerability
 C - a scroll of torment {unknown}
 H - a scroll of blinking {unknown}
 I - a scroll of immolation {unknown}
Potions
 d - a potion of might
 e - a potion of resistance
 f - 2 potions of magic
 i - 2 potions of heal wounds
 q - a potion of haste {unknown}
 t - 7 potions of curing
 w - 3 potions of brilliance
 x - 2 potions of lignification {unknown}
 z - 2 potions of berserk rage
 B - a potion of cancellation {unknown}
 D - 2 potions of attraction {unknown}
 E - 3 potions of invisibility
 F - 3 potions of mutation {unknown}
 K - a potion of flight {unknown}
Miscellaneous
 b - a condenser vane
 G - a phantom mirror


   Skills:
 * Level 12.7 Fighting
 * Level 11.4 Polearms
 + Level 8.7 Armour
 - Level 7.0 Shields


You had 10 spell levels left.
You didn't know any spells.
Your spell library contained the following spells:

 Spells                   Type           Power      Damage    Failure   Level
 Foxfire                  Conj/Fire      0%         2x1d4     63%         1
 Magic Dart               Conj           0%         1d3       63%         1
 Searing Ray              Conj           0%         2d4       77%         2
 Conjure Flame            Conj/Fire      0%         6-21      94%         3
 Inner Flame              Hex/Fire       0%         N/A       94%         3
 Flame Wave               Conj/Fire      0%         2d4       100%        4
 Fulminant Prism          Conj/Hex       0%         3d6       100%        4


Dungeon Overview and Level Annotations

Branches:
Dungeon (11/15)            Temple (1/1) D:5            Lair (0/5) D:10
Ossuary (visited)
    Orc: D:9-12

Altars:
Ashenzari
Cheibriados
Dithmenos
Elyvilon
Fedhas
Gozag
Hepliaklqana
Makhleb
Nemelex Xobeh
Okawaru
Ru
Sif Muna
Trog
Uskayaw
Vehumet
Wu Jian
Xom
Yredelemnul
Zin
The Shining One

Shops:
D:5 *   D:8 *

Annotations:
D:8 1 runed translucent door, n0ni's ghost, novice MiBe


Message History

You hit the hound.
You kill the hound!
Beogh accepts your kill. The troll bites you. The troll claws you.
The troll claws you!
You puncture the troll!
The troll is moderately wounded.
You completely miss the troll.
The troll is moderately wounded.
The troll closely misses you. The troll claws you! The troll barely misses you.
You puncture the troll!
The troll is severely wounded.
You block the troll's attack.
The troll claws you but does no damage. x2
You hit the troll.
The troll is severely wounded.
The troll barely misses you. You block the troll's attack.
The troll barely misses you.
You puncture the troll!
The troll is almost dead.
The boulder beetle curls into a ball and begins rolling!
The troll bites you. The troll claws you but does no damage.
The troll misses you.
You hit the troll.
You kill the troll!
Beogh accepts your kill.
You puncture the boulder beetle!
The boulder beetle is lightly wounded.
The boulder beetle hits you!!!
Ouch! That really hurt!
* * * LOW HITPOINT WARNING * * *
The boulder beetle stops rolling and uncurls.
You hit the boulder beetle but do no damage.
The boulder beetle is lightly wounded.
The boulder beetle bites you!!
* * * LOW HITPOINT WARNING * * *
You feel much better.
The electric eel shoots out a bolt of lightning at you!
The bolt of electricity hits you!
* * * LOW HITPOINT WARNING * * *
The boulder beetle bites you!
You die...

~~~~~~,,,,~~~.,* #.>.# #..
~~~~~,~.~.~~≈~.#### #..)# ##..
~~~~~~~~≈≈≈≈......# #...#### #...
,,~~~~~≈~~≈≈...##.###...##.###.##
,,,~~~~≈.~~≈~~...................
,,~~~~~~~.~..~.>.................
,,~~,,,.~....S.....÷(..........##
,~,,,,,........##B#)#....#.##..#.
,,,,,,,.........@.#.#....####....
****,,*###.########)#....# #..#.
,,,*,*****,* #)#....# #....
**,,,,,,,*,* #####......######..
**,*****,*,***#...).........,,...
,*,*****,*,*.....###.#.#..##**###
,,,,,,**,*,*)##..###.#.#...##,,,,
,,,**,,,,,,*,#...........⌠...,~_,
**,*****,***.....###.###.....~,,,


You could see a boulder beetle and an electric eel.

Vanquished Creatures
  A two-headed ogre (D:10)
  A cyclops (D:9)
  3 trolls
  A shadow (D:10)
  12 yaks
  Eustachio (D:6)
  A wyvern (D:9)
  Edmund (D:6)
  2 steam dragons
  2 acid dragons
  A water moccasin (D:5)
  An ice beast (D:8)
  A black bear (D:7)
  3 orc warriors
  A wolf (D:10)
  A centaur (D:7)
  An ogre (D:7)
  A phantom (D:7)
  A kobold brigand (D:10)
  3 bullfrogs
  14 scorpions
  2 necrophages (D:6)
  A killer bee (D:9)
  5 howler monkeys
  8 hounds
  2 human zombies (Ossuary)
  3 iguanas
  2 jellies
  8 scorpion zombies (Ossuary)
  5 orc wizards (D:8)
  3 mummies (Ossuary)
  4 adders
  A shadow imp (D:7)
  A white imp (D:8)
  2 ufetubi
  A worm (D:2)
  A dart slug (D:3)
  39 orcs
  9 ball pythons
  7 endoplasms
  2 giant cockroaches (D:3)
  3 gnoll zombies
  8 goblins
  10 hobgoblins
  3 jackals (D:1)
  5 quokkas
  3 bats
  2 frilled lizards
  5 goblin zombies
  3 hobgoblin zombies
  13 kobolds
  2 kobold zombies (Ossuary)
  4 orc zombies
  7 rats
227 creatures vanquished.

Vanquished Creatures (others)
  A hydra (D:9)
  A cyclops (D:9)
  A slime creature (D:9)
  4 orc warriors (D:9)
  3 killer bees (D:9)
  An orc priest (D:9)
  2 orc wizards (D:9)
  14 orcs (D:9)
  A butterfly (D:3)
  3 plants (D:3)
  2 withered plants (D:8)
33 creatures vanquished.

Grand Total: 260 creatures vanquished

Notes
Turn   | Place    | Note
-------+----------+-------------------------------------------
     0 | D:1      | firemarshallily the Hill Orc Fighter began the quest for
                  | the Orb.
     0 | D:1      | Reached XP level 1. HP: 19/19 MP: 1/1
   206 | D:1      | Reached XP level 2. HP: 27/27 MP: 2/2
   293 | D:1      | Reached skill level 4 in Fighting
   383 | D:1      | Found a faded altar of an unknown god.
   389 | D:1      | Reached XP level 3. HP: 33/33 MP: 3/3
   867 | D:2      | Found a blossoming altar of Fedhas.
  1204 | D:3      | Reached XP level 4. HP: 39/41 MP: 4/4
  1247 | D:3      | Identified the +1 leather armour of Contentment {rPois
                  | Str+2 Int-4}
  1375 | D:3      | Found a white marble altar of Elyvilon.
  1404 | D:3      | Reached XP level 5. HP: 47/47 MP: 5/5
  1832 | D:3      | Found a faded altar of an unknown god.
  1835 | D:3      | Found a hazy altar of Hepliaklqana.
  1837 | D:3      | Found a faded altar of an unknown god.
  1967 | D:4      | Found a sand-covered staircase.
  1985 | Ossuary  | Entered an ossuary
  2009 | Ossuary  | Reached skill level 5 in Fighting
  2065 | Ossuary  | Reached XP level 6. HP: 29/56 MP: 6/6
  2138 | Ossuary  | Reached skill level 5 in Shields
  2191 | Ossuary  | Reached XP level 7. HP: 62/62 MP: 7/7
  2200 | Ossuary  | Reached skill level 6 in Fighting
  2283 | Ossuary  | Reached skill level 5 in Polearms
  2554 | Ossuary  | Reached XP level 8. HP: 46/71 MP: 8/8
  2556 | Ossuary  | Reached skill level 5 in Armour
  2559 | Ossuary  | Reached skill level 7 in Fighting
  2807 | D:4      | Identified a scroll of acquirement
  2871 | D:4      | Acquired 598 gold pieces
  3075 | D:4      | Found a snail-covered altar of Cheibriados.
  3075 | D:4      | Found a sacrificial altar of Ru.
  3342 | D:5      | Entered Level 5 of the Dungeon
  3370 | D:5      | Found a staircase to the Ecumenical Temple.
  3420 | Temple   | Entered the Ecumenical Temple
  3570 | D:5      | Found Soisooll's CLEARANCE SALE!.
  3579 | D:5      | Bought 2 potions of invisibility for 48 gold pieces
  3579 | D:5      | Bought a phantom mirror for 120 gold pieces
  3579 | D:5      | Bought a potion of brilliance for 12 gold pieces
  3800 | D:5      | Reached skill level 8 in Fighting
  4154 | D:6      | Reached XP level 9. HP: 79/81 MP: 9/9
  4236 | D:6      | Noticed Eustachio
  4269 | D:6      | Killed Eustachio
  4454 | D:6      | Noticed Edmund
  4466 | D:6      | Killed Edmund
  4486 | D:6      | Found a glowing golden altar of the Shining One.
  4890 | D:7      | Reached skill level 9 in Fighting
  5277 | D:7      | Identified the +1 ring mail of the Slorg {rF++ Dex+4
                  | Stlth-}
  5597 | D:8      | Reached skill level 10 in Fighting
  5613 | D:8      | Reached XP level 10. HP: 53/93 MP: 10/10
  5681 | D:8      | Found a runed translucent door.
  5681 | D:8      | Noticed n0ni's ghost (novice MiBe)
  5698 | D:8      | Found a bloodstained altar of Trog.
  5998 | D:8      | You fall into a shaft and drop 3 floors!
  6047 | D:11     | Noticed a two-headed ogre
  6050 | D:11     | Noticed a boulder beetle
  6057 | D:10     | Entered Level 10 of the Dungeon
  6059 | D:10     | Killed a two-headed ogre
  6060 | D:10     | Reached skill level 11 in Fighting
  6091 | D:10     | Noticed a boulder beetle
  6168 | D:9      | Noticed a cyclops
  6188 | D:9      | Killed a cyclops
  6189 | D:9      | Reached skill level 10 in Polearms
  6350 | D:9      | Noticed a five-headed hydra
  6362 | D:9      | Found an iron altar of Okawaru.
  6393 | D:9      | Became a worshipper of Beogh the Brigand
  6398 | D:9      | Killed a cyclops
  6406 | D:9      | Killed a five-headed hydra
  6467 | D:9      | Noticed a green ugly thing
  6659 | D:8      | Found Vutuh's Overcharged Wands.
  7505 | D:10     | Reached skill level 12 in Fighting
  7514 | D:10     | Found a shadowy altar of Dithmenos.
  7570 | D:10     | Reached XP level 11. HP: 104/104 MP: 11/11
  7612 | D:10     | HP: 4/104 [acid dragon (5)]
  7839 | D:10     | Reached * piety under Beogh
  7949 | D:10     | HP: 3/105 [boulder beetle (19)]
  7950 | D:10     | Slain by a boulder beetle

Illustrated notes

Levels and vault maps discovered:
D:1:      dpeg_arrival_circle_labyrinth_b, layout_basic, basic_ecumenical_altar
D:2:      layout_basic, basic_altar
D:3:      layout_loops_ring, nicolae_elyvilon_peaceful_grove,
          nicolae_hepliaklqana_ecumenical_no_more
D:4:      minmay_octagon_keep, layout_basic, gammafunk_temple_overflow_wave,
          enter_ossuary_3
D:5:      layout_loops_cross, minmay_temple_entry_drinking_statues,
          chequers_serial_rivers_room_b, nicolae_shop_clearance
D:6:      layout_loops_cross, mainiacjoe_overflow_boulevard, uniq_edmund,
          uniq_eustachio
D:7:      layout_rooms
D:8:      layout_basic, general_overflow_altar, gammafunk_ghost_grave,
          dk_vineyard_2, nicolae_shop_overcharged_wands
D:9:      minmay_bloctagon_deflated, layout_basic, okawaru_gym_becter,
          david_orc_4, special_room [special_room_bee],
          kennysheep_generic_room_10
D:10:     layout_loops_cross, nicolae_dithmenos_through_a_glass_darkly,
          kiku_gazebo_pond_becter, kennysheep_mini_moat, erik_lair_island
D:11:     layout_basic, uniq_josephine
Temple:   nicolae_temple_x_marks_the_god

Skill      XL: |  1  2  3  4  5  6  7  8  9 10 11 |
---------------+----------------------------------+-----
Fighting       | 4 5 6 8 10 12 | 12.7
Polearms       | 3 4 5 6 9 10 11 | 11.4
Shields        | 4 5 6 7 |  7.0
Armour         | 4 5 7 8 |  8.7

Action                   |  1- 3 |  4- 6 |  7- 9 | 10-12 || total
-------------------------+-------+-------+-------+-------++-------
Melee: Trident           |   121 |   183 |   517 |   319 ||  1140
Throw: Dart              |       |       |     5 |     1 ||     6
Invok: Convert to Beogh  |       |       |       |     1 ||     1
  Use: Scroll            |       |     3 |    10 |     9 ||    22
       Potion            |       |     1 |     2 |     9 ||    12
 Stab: Distracted        |       |       |       |     1 ||     1
Armor: Scale mail        |    36 |    90 |   166 |       ||   292
       Ring mail         |       |       |    10 |   104 ||   114
Dodge: Dodged            |    39 |    79 |   173 |   119 ||   410
Block: Buckler           |    15 |    36 |    96 |    72 ||   219
